 Dungeon Crawl Stone Soup version 0.18.1-48-g4cf74bf (webtiles) character file.

860 Peloso the Shield-Bearer (level 7, -1/61 HPs)
             Began as a Minotaur Fighter on Aug 4, 2016.
             Slain by Pikel
             ... wielding a +0 whip of freezing
              (3 damage)
             ... on level 5 of the Dungeon.
             The game lasted 00:11:18 (4681 turns).

Peloso the Shield-Bearer (Minotaur Fighter)         Turns: 4681, Time: 00:11:18

Health: -1/61      AC:  7    Str: 20    XL:     7   Next: 71%
Magic:  6/6        EV:  9    Int: 10    God:
Gold:   293        SH: 10    Dex: 12    Spells: 0 memorised, 6 levels left

rFire  . . .     SeeInvis .     a - +0 long sword
rCold  . . .     Gourm    .     b - +0 scale mail
rNeg   . . .     Faith    .     c - +0 shield
rPois  .         Spirit   .     (helmet restricted)
rElec  .         Dismiss  .     (no cloak)
rCorr  .         Reflect  .     (no gloves)
SustAt .         Harm     .     (no boots)
MR     .....                    (no amulet)
Stlth  ..........               (no ring)
                                (no ring)

@: brilliant, not resistant to hostile enchantments, extremely unstealthy
A: retaliatory headbutt, horns 2
a: no special abilities


You were on level 5 of the Dungeon.
You were hungry.

You visited 1 branch of the dungeon, and saw 5 of its levels.
You also visited: Sewer.

You collected 293 gold pieces.

Inventory:

Hand Weapons
 a - a +0 long sword (weapon)
Armour
 b - a +0 scale mail (worn)
 c - a +0 shield (worn)
Wands
 m - a wand of iceblast (7/15)
 s - a wand of enslavement (12/24)
Scrolls
 e - 3 scrolls of remove curse {unknown}
 g - 8 scrolls of identify {unknown}
 h - 4 scrolls of amnesia {unknown}
 i - 2 scrolls of immolation {unknown}
 j - 2 scrolls of fear {unknown}
 o - 2 scrolls of enchant weapon {unknown}
 p - a scroll of blinking {unknown}
 x - a scroll of magic mapping {unknown}
 y - 2 scrolls of teleportation {unknown}
 B - 2 scrolls of enchant armour {unknown}
Potions
 d - 2 potions of might
 k - a potion of mutation {unknown}
 l - a potion of invisibility {unknown}
 n - a potion of berserk rage
 t - 3 potions of brilliance
 u - 2 potions of curing {unknown}
 v - 5 potions of heal wounds {unknown}
 w - a potion of cure mutation {unknown}
 A - a potion of agility {unknown}
Books
 r - a book of Fire

   Spells                             Type                      Level
   a - Ignite Poison                  Fire/Transmutation/Poison    3
   b - Fireball                       Conjuration/Fire             5
   c - Bolt of Fire                   Conjuration/Fire             6
   d - Delayed Fireball               Conjuration/Fire             7
   e - Ring of Flames                 Charms/Fire                  7
Comestibles
 f - 4 bread rations
 q - 2 slices of pizza
 z - a beef jerky


   Skills:
 + Level 5.6 Fighting
 + Level 5.3 Long Blades
 + Level 5.8 Armour
 + Level 3.7 Dodging
 + Level 0.3 Stealth
 + Level 6.3 Shields


You had 6 spell levels left.
You didn't know any spells.

Dungeon Overview and Level Annotations

Branches:
Dungeon (5/15)             Temple (0/1) D:4

Altars:
Cheibriados
Qazlal
The Shining One

Annotations:
D:5 Pikel


Innate Abilities, Weirdness & Mutations

You reflexively headbutt those who attack you in melee.
You have a pair of horns on your head.


Message History

Pikel hits you with a whip of freezing!
* * * LOW HITPOINT WARNING * * *
Pikel freezes you.
* * * LOW HITPOINT WARNING * * *
The crimson imp blinks!
You closely miss Pikel. Your headbutt misses Pikel.
Pikel is severely wounded.
Pikel hits you with a whip of freezing.
* * * LOW HITPOINT WARNING * * *
Pikel freezes you.
* * * LOW HITPOINT WARNING * * *
Pikel hits you but does no damage. The crimson imp closely misses you.
You furiously retaliate!
You headbutt the crimson imp.
Drink which item? (? for menu, Esc to quit)
It was a potion of brilliance.
You feel clever all of a sudden. You block Pikel's attack.
The crimson imp hits you but does no damage.
Pikel hits you with a whip of freezing.
You die...

...<.## #....##########
......## #######
#.............. .<.....#
#.....# #......####....
.......# #.....####.....##
#####
.......###.....##).....##
................))..####
....<....#.....###..#
.......#......p###..#
......####...ppK@5.>###
.....##
#....####.....###########
######
##.######...##............
##..# #...##........###..
#..######.#.#..############
#.###.......#.## #...
##.#....####...# #.##
#..#....####.### #.#
###.#...#......# ##.#


You could see Pikel (berserk), 3 slaves and a crimson imp.

Vanquished Creatures
  The ghost of oldnick the Ruffian, an amateur TrMo (D:4)
  A phantom (D:5)
  A scorpion (D:5)
  2 howler monkeys (D:4)
  2 crimson imps
  An orc priest (D:3)
  A hound (D:5)
  A giant frog skeleton (D:5)
  A gnoll shaman (D:5)
  An iguana (D:5)
  A worker ant (D:4)
  5 gnolls (D:5)
  9 adders
  2 river rats (Sewer)
  2 oozes
  An adder skeleton (D:5)
  6 worms
  3 dart slugs
  4 giant geckos
  18 orcs
  2 bats (D:1)
  3 giant cockroaches
  12 goblins
  6 hobgoblins
  12 jackals
  6 quokkas
  5 ball pythons
  9 giant newts
  15 kobolds
  13 rats
146 creatures vanquished.

Notes
Turn   | Place    | Note
--------------------------------------------------------------
     0 | D:1      | Peloso the Minotaur Fighter began the quest for the Orb.
     0 | D:1      | Reached XP level 1. HP: 19/19 MP: 0/0
    62 | D:1      | Reached XP level 2. HP: 26/27 MP: 1/1
   236 | D:1      | Reached skill level 4 in Shields
   503 | D:1      | Reached XP level 3. HP: 33/33 MP: 2/2
   771 | D:2      | Reached XP level 4. HP: 24/40 MP: 3/3
   934 | D:2      | Found a glowing golden altar of the Shining One.
   946 | D:2      | Found a snail-covered altar of Cheibriados.
  1038 | D:2      | Reached skill level 1 in Dodging
  1642 | D:3      | Reached skill level 5 in Shields
  1642 | D:3      | Reached XP level 5. HP: 47/47 MP: 4/4
  2477 | D:4      | Found a glowing drain.
  2516 | D:4      | Reached XP level 6. HP: 41/53 MP: 5/5
  2526 | Sewer    | Entered a sewer
  2947 | D:4      | Noticed oldnick's ghost (amateur TrMo)
  2967 | D:4      | Killed oldnick's ghost
  3010 | D:4      | Found a stormy altar of Qazlal.
  3132 | D:4      | Found a staircase to the Ecumenical Temple.
  3269 | D:4      | Reached skill level 5 in Fighting
  3269 | D:4      | Reached skill level 5 in Armour
  3649 | D:4      | Reached XP level 7. HP: 61/61 MP: 6/6
  3759 | D:5      | Entered Level 5 of the Dungeon
  3871 | D:5      | Reached skill level 5 in Long Blades
  3976 | D:5      | Reached skill level 6 in Shields
  4647 | D:5      | Noticed Pikel
  4680 | D:5      | HP: 1/61 [Pikel/whip of freezing (3)]
  4681 | D:5      | Slain by Pikel

Skill      XL: |  1  2  3  4  5  6  7 |
---------------+----------------------+-----
Fighting       | 4 5 |  5.6
Shields        | 4 5 6 |  6.3
Armour         | 4 5 |  5.8
Long Blades    | 3 4 5 |  5.3
Dodging        | 1 3 |  3.7
Stealth        | |  0.3

Action                   |  1- 3 |  4- 6 |  7- 9 || total
-------------------------+-------+-------+-------++-------
Melee: Long sword        |    80 |   245 |   107 ||   432
       Headbutt          |     9 |    40 |    20 ||    69
  Use: Potion            |       |       |     1 ||     1
  Eat: Chunk             |       |     9 |     3 ||    12
Armor: Scale mail        |    40 |    90 |    37 ||   167
Dodge: Dodged            |    21 |    75 |    49 ||   145
Block: Shield            |    49 |   118 |    91 ||   258
